 Dungeon Crawl Stone Soup version 0.31.0-32-g396128a36d (webtiles) character file.

Game seed: 16994767173195030460

303 Alphaeus the Ruffian (level 6, -1/57 HPs)
             Began as a Troll Shapeshifter on Mar 19, 2024.
             Was an Initiate of Wu Jian.
             Slain by a goblin
             ... wielding a +0 dagger
             ... led by Robin
              (5 damage)
             ... on level 3 of the Dungeon.
             The game lasted 00:02:02 (2124 turns).

Alphaeus the Ruffian (Troll Shapeshifter)           Turns: 2124, Time: 00:02:02

Health: -1/57      AC:  5    Str: 25    XL:     6   Next: 15%
Magic:  5/5        EV:  9    Int:  6    God:    Wu Jian [......]
Gold:   267        SH:  0    Dex:  9    Spells: 5/5 levels left

rFire   . .          .
                       - Unarmed
rCold   . . .        (no shield)
rNeg    + . .        o - +1 robe {rN+}
rPois   .            (helmet currently unavailable)
rElec   .            (cloak currently unavailable)
rCorr   .            (gloves unavailable)
SInv    .            (boots unavailable)
Will    .....        (no amulet)
Stlth   +            (no ring)
HPRegen 1.09/turn    (no ring)
MPRegen 0.09/turn

%: no passive effects
@: beast-form
A: beast (slay +2), large, unfitting armour, claws 3, regeneration 1, shaggy fur
1, tough skin 1
a: Begin Untransformation, Renounce Religion


You were on level 3 of the Dungeon.
You worshipped Wu Jian.
Wu Jian was noncommittal.
You were a hulking beast.
You visited 1 branch of the dungeon, and saw 4 of its levels.

You collected 267 gold pieces.

Inventory:

Armour
 a - a +0 animal skin
 o - a +1 robe of positive energy (worn)
Jewellery
 j - an amulet of magic regeneration
 m - a ring of fire
 n - an amulet of the acrobat
Talismans
 c - a beast talisman
 d - a flux talisman
Scrolls
 f - a scroll of enchant armour {unknown}
 h - a scroll of fear {unknown}
 i - a scroll of enchant weapon {unknown}
 k - a scroll of poison {unknown}
 l - 3 scrolls of identify {unknown}
 q - 2 scrolls of teleportation {unknown}
 r - a scroll of fog {unknown}
Potions
 b - 2 potions of lignification
 e - 2 potions of resistance {unknown}
 g - a potion of might {unknown}
 p - a potion of cancellation {unknown}


   Skills:
 + Level 2.2 Fighting
 - Level 1.5 Dodging
 * Level 4.9 Unarmed Combat
 * Level 4.6 Shapeshifting


You had 5 spell levels left.
You didn't know any spells.
Your spell library contained the following spells:

 Spells                   Type           Power      Damage    Failure   Level
 Call Canine Familiar     Summ           0%         N/A       83%         3
 Sigil of Binding         Hex            0%         N/A       83%         3
 Dimensional Bullseye     Hex/Tloc       0%         N/A       99%         4


Dungeon Overview and Level Annotations

Branches:
Dungeon (4/15)
 Temple: D:4-7

Altars:
Kikubaaqudgha
Wu Jian
The Shining One

Annotations:
D:4 Robin


Innate Abilities, Weirdness & Mutations

You are a hulking beast.
Your limbs bulge with bestial killing power. (Slay +2)
You are too large for most types of armour.
You have claws for hands.
Your natural rate of healing is unusually fast.
You are covered in fur. (AC +1)
You have tough skin. (AC +1)


Message History

The goblin hits you but does no damage.
You claw the centaur!
You kill the centaur!
The Council accepts your kill.
The goblin unwields a +0 dagger.
The goblin wields a +0 sling.
The goblin shoots a sling bullet.
The sling bullet hits you. The goblin hits you with a +0 dagger.
The goblin hits you with a +0 club.
You have reached level 6!
You feel stronger.
You barely miss the goblin.
The goblin hits you with a +0 dagger. x2
The goblin hits you with a +0 club. The goblin closely misses you.
You barely miss the goblin.
The orc shouts!
The goblin hits you with a +0 dagger. The goblin hits you but does no damage.
The goblin hits you with a +0 club. x2
* * * LOW HITPOINT WARNING * * *
Robin throws the goblin at you! The goblin completely misses you.
The goblin attacks as it pursues you! The goblin hits you but does no damage.
The orc hits you with a +0 whip.
* * * LOW HITPOINT WARNING * * *
The goblin hits you with a +0 dagger.
* * * LOW HITPOINT WARNING * * *
The goblin barely misses you.
There is a stone staircase leading up here.
The goblin closely misses you. The goblin hits you with a +0 dagger.
* * * LOW HITPOINT WARNING * * *
The orc barely misses you. The goblin hits you but does no damage.
The goblin closely misses you.
You climb upwards.
There is a stone staircase leading down here.
You barely miss the goblin. The goblin closely misses you.
The orc hits you with a +0 whip.
* * * LOW HITPOINT WARNING * * *
The goblin hits you but does no damage. x3
You closely miss the goblin. The goblin hits you with a +0 club.
* * * LOW HITPOINT WARNING * * *
The orc hits you with a +0 whip.
* * * LOW HITPOINT WARNING * * *
The goblin hits you with a +0 dagger.
You die...

#.## #####..#
#..# #......#
##.####.###.###
##.#...........
###...[##.###.###
#...>..##.# #.# #
#.#...###.# #.# #
#####g#...###.#
#.# #
#..ghg........#
#.###
#.##go........#
#....
#.##..........#
#####
#.###.[...###.##
# #.# #.....#
#..# #.# #.....#
##.# #.# #.[##.#
#.# #.# #..##.#
#.# #.# #..##.#
#.#


You could see an orc and 4 goblins.

Vanquished Creatures
  A centaur (D:4)
  A scorpion (D:4)
  2 orc wizards
  2 adders
  A ribbon worm (D:3)
  3 dart slugs
  9 orcs
  6 ball pythons
  3 bats
  9 endoplasms
  2 giant cockroaches
  11 goblins
  6 hobgoblins
  4 jackals
  6 kobolds
  2 quokkas (D:1)
  A frilled lizard (D:1)
  3 rats (D:1)
72 creatures vanquished.

Notes
Turn   | Place    | Note
-------+----------+-------------------------------------------
     0 | D:1      | Alphaeus the Troll Shapeshifter began the quest for the
                  | Orb.
     0 | D:1      | Reached XP level 1. HP: 18/18 MP: 0/0
    72 | D:1      | Reached skill level 1 in Fighting
    98 | D:1      | Reached XP level 2. HP: 27/27 MP: 1/1
   458 | D:1      | Reached XP level 3. HP: 33/33 MP: 2/2
  1332 | D:3      | Reached XP level 4. HP: 41/41 MP: 3/3
  1595 | D:3      | Found an ornate altar of the Wu Jian Council.
  1675 | D:3      | Became a worshipper of the Wu Jian Council
  1855 | D:3      | Found an ancient bone altar of Kikubaaqudgha.
  1999 | D:3      | Found a glowing golden altar of the Shining One.
  2071 | D:4      | Noticed a scorpion
  2074 | D:4      | Killed a scorpion
  2075 | D:4      | Reached XP level 5. HP: 47/49 MP: 4/4
  2097 | D:4      | Noticed a centaur
  2100 | D:4      | Noticed Robin
  2117 | D:4      | Killed a centaur
  2118 | D:4      | Reached XP level 6. HP: 29/57 MP: 5/5
  2124 | D:3      | Slain by a goblin

Illustrated notes

Levels and vault maps discovered:
D:1:      erik_arrival_triangle_large, layout_loops_cross
D:2:      layout_loops_ring
D:3:      layout_loops_ring, nicolae_wu_jian_wuxing_cycle,
          general_overflow_altar, nicolae_tso_swordbearing_angel
D:4:      layout_rooms, serial_bayou_pond_b, uniq_robin

Skill      XL: |  1  2  3  4  5 |
---------------+----------------+-----
Fighting       | 1 2 |  2.2
Unarmed Combat | 4 |  4.9
Shapeshifting  | 4 |  4.6
Dodging        | |  1.5

Action                     |  1- 3 |  4- 6 || total
---------------------------+-------+-------++-------
  Melee: Unarmed           |    91 |    64 ||   155
         Punch             |       |     1 ||     1
Ability: Lunge             |       |     3 ||     3
   Stab: Sleeping          |       |     2 ||     2
         Distracted        |       |     1 ||     1
 Armour: Animal skin       |    44 |       ||    44
         Robe              |     4 |    80 ||    84
  Dodge: Dodged            |    42 |    36 ||    78
